 Dungeon Crawl Stone Soup version 0.30.0-29-ga12c61a403 (webtiles) character file.

Game seed: 10848056764050445300

119 qw the Chopper (level 5, 0/32 HPs)
             Began as a Gargoyle Fighter on June 4, 2023.
             Slain by Blork the orc
             ... wielding a +0 halberd
              (11 damage)
             ... on level 4 of the Dungeon.
             The game lasted 00:01:02 (2375 turns).

qw the Chopper (Gargoyle Fighter)                   Turns: 2375, Time: 00:01:02

Health: 0/32       AC: 14    Str: 21    XL:     5   Next: 3%
Magic:  5/5        EV:  7    Int:  9    God:
Gold:   243        SH:  4    Dex:  9    Spells: 4/4 levels left

rFire   + . .        Y - +0 war axe
rCold   + . .        c - +0 buckler
rNeg    + . .        l - +0 chain mail
rPois   inf          (no helmet)
rElec   +            h - scarf {rC+ rF+}
rCorr   .            (no gloves)
SInv    .            a - +0 pair of boots
Will    .....        (no amulet) Stlth
                     (no ring)
HPRegen 0.25/turn    (no ring)
MPRegen 0.09/turn

%: no passive effects
@: no status effects
A: sickness immunity, AC +4, negative energy resistance 1, electricity
resistance, torment resistance 1, petrification resistance
a: no special abilities


You were on level 4 of the Dungeon.
You visited 1 branch of the dungeon, and saw 4 of its levels.

You collected 243 gold pieces.


Innate Abilities, Weirdness & Mutations

You are immune to sickness and miasma.
Your stone body is resilient. (AC +4)
You are immune to poison.
You resist negative energy. (rN+)
You are resistant to electric shocks. (rElec)
You are resistant to unholy torment.
You are immune to petrification.


   Skills:
 - Level 3.2 Fighting
 + Level 4.5 Axes
 - Level 3.2 Armour
 - Level 3.2 Shields


You had 4 spell levels left.
You didn't know any spells.
Your spell library was empty.

Inventory:

Hand Weapons
 n - a +1 mace of holy wrath
 Y - a +0 war axe (weapon)
Armour
 a - a +0 pair of boots (worn)
 c - a +0 buckler (worn)
 h - a scarf of resistance (worn)
 l - a +0 chain mail (worn)
 m - a +0 ring mail of cold resistance
Jewellery
 b - an amulet of magic regeneration
Wands
 k - a wand of digging (4)
Potions
 d - 2 potions of might
 e - a potion of lignification
 f - a potion of magic {unknown}
 g - a potion of mutation {unknown}
 i - a potion of invisibility {unknown}
 j - 2 potions of curing
 o - a potion of heal wounds

Dungeon Overview and Level Annotations

Branches:
Dungeon (4/15)
 Temple: D:4-7

Altars:

Annotations:
D:4 Blork the orc


Message History

Blork the orc begins to cast a cantrip, but forgets the words!
Blork the orc hits you with a +0 halberd.
The orc barely misses you.
You slash Blork the orc!
Blork the orc is almost dead.
You slash the orc!
You kill the orc!
You closely miss the orc. You block Blork the orc's attack.
Blork the orc barely misses you. The orc barely misses you.
You hit Blork the orc but do no damage.
Blork the orc is almost dead.
You hit the orc. You hit the orc but do no damage.
Blork the orc gestures at you while chanting.
The magic dart hits you but does no damage.
The orc barely misses you. The orc closely misses you.
You hit Blork the orc but do no damage.
Blork the orc is almost dead.
You closely miss the orc. You slash the orc!
You kill the orc!
Blork the orc hits you with a +0 halberd.
The orc hits you but does no damage.
Blork the orc hits you but does no damage.
You have reached level 5!
You closely miss Blork the orc.
Blork the orc is almost dead.
You closely miss something. You slash the orc!
You kill the orc!
Blork the orc barely misses you. Something hits you.
You block Blork the orc's attack. Something hits you but does no damage.
You barely miss Blork the orc.
Blork the orc is almost dead.
You closely miss something. Blork the orc closely misses you.
You block Blork the orc's attack. Something hits you but does no damage.
You completely miss Blork the orc.
Blork the orc is almost dead.
You barely miss something.
Blork the orc hits you with a +0 halberd!
You die...

############
#######..........# .
#.....#........... ...
#.....#...........
....###.....#...........
......).................
#.o{@.....#####......
#..)o....## #....#.
#.........# #......
+....#....# ####...
#............ #...
................ #...
..?..#........... ....
...?............. ....
......#.#####...


You could see Blork the orc (fast) and an orc.

Vanquished Creatures
  6 adders
  A dart slug (D:2)
  4 orcs
  5 bats
  7 endoplasms
  4 giant cockroaches
  7 goblins
  5 hobgoblins
  3 kobolds
  2 quokkas (D:3)
  4 ball pythons
  5 frilled lizards
  5 rats
58 creatures vanquished.

Notes
Turn   | Place    | Note
-------+----------+-------------------------------------------
     0 | D:1      | qw the Gargoyle Fighter began the quest for the Orb.
     0 | D:1      | Reached XP level 1. HP: 14/14 MP: 1/1
     0 | D:1      | 0 ||| qw: Version: 0.2-a-107-g4668610
     0 | D:1      | 0 ||| qw: Game counter: 1214
     0 | D:1      | 0 ||| qw: Always use a shield: true
     0 | D:1      | 0 ||| qw: God list: Okawaru
     0 | D:1      | 0 ||| qw: Allow faded altars: false
     0 | D:1      | 0 ||| qw: Do Orc after D:15 true
     0 | D:1      | 0 ||| qw: Do second Lair branch before Depths: true
     0 | D:1      | 0 ||| qw: Lair rune preference: random
     0 | D:1      | 0 ||| qw: Plans: Normal, Zot:1-4, Slime:5, God:TSO, Crypt,
                  | Tomb, Abyss, Pan, Hells, Win
     0 | D:1      | 0 ||| PLANNING D:1-11
    24 | D:1      | Reached skill level 2 in Axes
   114 | D:1      | Reached XP level 2. HP: 19/19 MP: 2/2
   201 | D:1      | 201 ||| DROPPING +0 club.
   359 | D:1      | You fall into a shaft and drop 1 floor!
   372 | D:2      | 372 ||| Stepping ~*~*~tactically~*~*~ (stealth).
   378 | D:2      | Reached skill level 3 in Axes
   378 | D:2      | Reached XP level 3. HP: 23/23 MP: 3/3
   430 | D:2      | 430 ||| Stepping ~*~*~tactically~*~*~ (stealth).
   471 | D:2      | 471 ||| DROPPING orb of guile.
   472 | D:2      | 472 ||| READING scroll labelled HIMMEWNASI.
   473 | D:2      | 473 ||| DRINKING 2 murky inky potions.
   931 | D:1      | 931 ||| READING scroll labelled UXIPINWEXT.
  1032 | D:1      | 1032 ||| READING scroll labelled WATINO KORR.
  1033 | D:1      | 1033 ||| DRINKING 2 viscous golden potions.
  1094 | D:2      | 1094 ||| STAIRDANCE
  1108 | D:1      | Reached XP level 4. HP: 20/28 MP: 4/4
  1144 | D:2      | Reached skill level 4 in Axes
  1144 | D:2      | 1144 ||| STAIRDANCE
  1356 | D:2      | 1356 ||| UPGRADING to +0 pair of boots.
  1474 | D:2      | 1474 ||| Stepping ~*~*~tactically~*~*~ (stealth).
  1626 | D:2      | 1626 ||| READING scroll labelled FEZUIRPHAFE.
  1629 | D:2      | 1629 ||| READING scroll labelled ICZUAS ROHIRR.
  1750 | D:3      | 1750 ||| DROPPING +0 mace.
  2129 | D:3      | Found a faded altar of an unknown god.
  2244 | D:3      | 2244 ||| UPGRADING to scarf of resistance.
  2249 | D:3      | 2249 ||| UPGRADING to +0 chain mail.
  2259 | D:3      | 2259 ||| DROPPING +0 scale mail.
  2260 | D:3      | 2260 ||| DRINKING 2 blue potions.
  2289 | D:4      | 2289 ||| PLANNING OSSUARY
  2362 | D:4      | Noticed Blork the orc
  2373 | D:4      | Reached XP level 5. HP: 12/32 MP: 5/5
  2375 | D:4      | Slain by Blork the orc

Levels and vault maps discovered:
D:1:      dreamdust_arrival_beginning_and_end, layout_loops_ring,
          chequers_serial_rivers_small_a, minmay_cupped
D:2:      layout_rooms, nrook_mini_backslash, small_statue_intersection,
          minivault_19, corexii_leaking_fountain,
          hangedman_decor_clover_reticule, minivault_25, grunt_decor_junction,
          minmay_tetromino_o2
D:3:      layout_loops_ring, basic_ecumenical_altar
D:4:      layout_basic, gup_ossuary_entry_pyramid, serial_shops, shop,
          uniq_blork_the_orc

Skill      XL: |  1  2  3  4 |
---------------+-------------+-----
Axes           | 2 3 4 |  4.5
Fighting       | |  3.2
Armour         | |  3.2
Shields        | |  3.2

Action                     |  1- 3 |  4- 6 || total
---------------------------+-------+-------++-------
  Melee: War axe           |    93 |    55 ||   148
    Use: Scroll            |     3 |     2 ||     5
         Potion            |     2 |     1 ||     3
 Armour: Scale mail        |    44 |    18 ||    62
         Chain mail        |       |     6 ||     6
  Dodge: Dodged            |    50 |    27 ||    77
  Block: Buckler           |    22 |    11 ||    33

Table legend:
 A = Non-vault XP
 B = Vault XP
 C = Vault XP percentage of total XP
 D = Non-vault monster count
 E = Vault monster count
 F = Vault count percentage of total count
                 A         B        C        D         E       F
            +---------+---------+-------+---------+---------+-------
      Total |     161 |       9 |   5.3 |      52 |       6 |  10.3
            +---------+---------+-------+---------+---------+-------
        D:1 |      57 |       7 |  10.9 |      21 |       5 |  19.2
        D:2 |      79 |       2 |   2.5 |      17 |       1 |   5.6
        D:3 |      13 |       0 |   0.0 |       9 |       0 |   0.0
        D:4 |      12 |       0 |   0.0 |       5 |       0 |   0.0
            +---------+---------+-------+---------+---------+-------
